 Dungeon Crawl Stone Soup version 0.31-a0-182-gc5ef74bbde (webtiles) character file.

Game seed: 5655957845659138717

1479 qw the Cleaver (level 8, -4/50 HPs)
             Began as a Gargoyle Fighter on June 20, 2023.
             Was an Initiate of Okawaru.
             Slain by a steam dragon (7 damage)
             ... on level 6 of the Dungeon.
             The game lasted 00:02:34 (4986 turns).

qw the Cleaver (Gargoyle Fighter)                   Turns: 4986, Time: 00:02:35

Health: -4/50      AC: 14    Str: 22    XL:     8   Next: 79%
Magic:  11/11      EV:  9    Int:  9    God:    Okawaru [......]
Gold:   201        SH:  4    Dex:  9    Spells: 7/7 levels left

rFire   . . .        e - +1 war axe (spect)
rCold   . . .        c - +0 buckler
rNeg    + . .        b - +0 scale mail
rPois   inf          h - +1 helmet
rElec   +            (no cloak)
rCorr   .            (no gloves)
SInv    .            (no boots)
Will    .....        (no amulet) Stlth
                     (no ring)
HPRegen 0.28/turn    (no ring)
MPRegen 0.12/turn

%: no passive effects
@: about to teleport
A: sickness immunity, AC +5, negative energy resistance 1, electricity
resistance, torment resistance 1, petrification resistance
a: Renounce Religion


You were on level 6 of the Dungeon.
You worshipped Okawaru.
Okawaru was noncommittal.
You visited 2 branches of the dungeon, and saw 7 of its levels.

You collected 201 gold pieces.


Innate Abilities, Weirdness & Mutations

You are immune to sickness and miasma.
Your stone body is resilient. (AC +5)
You are immune to poison.
You resist negative energy. (rN+)
You are resistant to electric shocks. (rElec)
You are resistant to unholy torment.
You are immune to petrification.


   Skills:
 + Level 5.5 Fighting
 - Level 8.1 Axes
 - Level 1.0 Throwing
 - Level 3.2 Armour
 - Level 1.0 Dodging
 - Level 3.2 Shields
 - Level 4.2 Invocations


You had 7 spell levels left.
You didn't know any spells.
Your spell library was empty.

Inventory:

Hand Weapons
 e - a +1 spectral war axe (weapon)
 g - a +0 morningstar
Armour
 b - a +0 scale mail (worn)
 c - a +0 buckler (worn)
 h - a +1 helmet (worn)
 j - a +0 kite shield
Scrolls
 k - 2 scrolls of teleportation
 n - a scroll of identify
Potions
 a - a potion of enlightenment
 d - a potion of might
 f - 2 potions of attraction
 i - 2 potions of lignification
 l - a potion of magic
 m - a potion of cancellation {unknown}
 o - a potion of heal wounds {unknown}

Dungeon Overview and Level Annotations

Branches:
Dungeon (6/15)             Temple (1/1) D:4

Altars:
Ashenzari
Cheibriados
Dithmenos
Elyvilon
Fedhas
Gozag
Hepliaklqana
Kikubaaqudgha
Nemelex Xobeh
Okawaru
Qazlal
Ru
Sif Muna
Trog
Uskayaw
Vehumet
Wu Jian
Yredelemnul
Zin
The Shining One


Message History

Found a dagger.
You see here a +0 dagger.
Found a leather armour.
A steam dragon comes into view.
The steam dragon hisses angrily.
The steam dragon breathes steam at you. The ball of steam hits you!
The steam dragon moves out of view.
You hear a shout!
4976 ||| Stepping ~*~*~tactically~*~*~ (cloud).
4977 ||| Stepping ~*~*~tactically~*~*~ (cloud).
You start resting.
A steam dragon is nearby!
You hit the steam dragon.
The steam dragon is lightly wounded.
The steam dragon barely misses you.
The steam dragon claws you but does no damage.
You slash the steam dragon!
The steam dragon is moderately wounded.
The steam dragon bites you. You block the steam dragon's attack.
You barely miss the steam dragon.
The steam dragon is moderately wounded.
The steam dragon bites you but does no damage.
The steam dragon claws you but does no damage.
You hit the steam dragon.
The steam dragon is moderately wounded.
The steam dragon breathes steam at you. The ball of steam hits you!!
You hit the steam dragon.
The steam dragon is heavily wounded.
You are engulfed in a cloud of scalding steam.
The steam dragon closely misses you. The steam dragon barely misses you.
4985 ||| READING 3 scrolls of teleportation.
As you read the scroll of teleportation, it crumbles to dust.
You feel strangely unstable.
The steam dragon bites you but does no damage.
The steam dragon claws you.
You hit the steam dragon but do no damage.
The steam dragon is heavily wounded.
The steam dragon bites you!
You die...

... #.# #
....# ##.#.
## .$.
[...###.###.#
.....¤......#
...D###D###.#
. ##@#######.
#.¤........
#..########
#.¤# #..#
#..# #..#
#..# #..#


You could see a steam dragon (catching breath).

Vanquished Creatures
  Sigmund (D:4)
  A water moccasin (D:5)
  3 black bears
  An ogre (D:6)
  A phantom (D:4)
  A gnoll sergeant (D:6)
  A bullfrog (D:5)
  A scorpion (D:4)
  An orc priest (D:5)
  4 hounds (D:5)
  3 jellies (D:5)
  A sleepcap (D:5)
  2 iguanas (D:5)
  2 orc wizards
  8 gnolls
  8 adders
  2 worms
  2 dart slugs
  11 orcs
  5 ball pythons
  A bat (D:2)
  10 endoplasms
  4 giant cockroaches
  7 goblins
  3 quokkas
  A frilled lizard (D:3)
  5 kobolds
  7 rats
97 creatures vanquished.

Notes
Turn   | Place    | Note
-------+----------+-------------------------------------------
     0 | D:1      | qw the Gargoyle Fighter began the quest for the Orb.
     0 | D:1      | Reached XP level 1. HP: 14/14 MP: 1/1
     0 | D:1      | 0 ||| qw: Version: 0.3-a-9-g12657ce
     0 | D:1      | 0 ||| qw: Game counter: 1249
     0 | D:1      | 0 ||| qw: Always use a shield: true
     0 | D:1      | 0 ||| qw: God list: Okawaru
     0 | D:1      | 0 ||| qw: Allow faded altars: false
     0 | D:1      | 0 ||| qw: Do Orc after D:15 true
     0 | D:1      | 0 ||| qw: Do second Lair branch before Depths: true
     0 | D:1      | 0 ||| qw: Lair rune preference: random
     0 | D:1      | 0 ||| qw: Plans: Normal, Zot:1-4, Slime:5, God:TSO, Crypt,
                  | Tomb, Abyss, Pan, Hells, Win
     0 | D:1      | 0 ||| PLANNING D:1-11
   115 | D:1      | You fall into a shaft and drop 1 floor!
   151 | D:2      | 151 ||| READING scroll labelled BYOJED XUDICS.
   154 | D:2      | 154 ||| DRINKING 2 murky dark potions.
   155 | D:2      | 155 ||| Stepping randomly (stuck).
   156 | D:2      | 156 ||| Stepping randomly (stuck).
   157 | D:2      | 157 ||| Stepping randomly (stuck).
   158 | D:2      | 158 ||| Stepping randomly (stuck).
   159 | D:2      | 159 ||| Stepping randomly (stuck).
   160 | D:2      | 160 ||| Stepping randomly (stuck).
   161 | D:2      | 161 ||| Stepping randomly (stuck).
   162 | D:2      | 162 ||| Stepping randomly (stuck).
   163 | D:2      | 163 ||| Stepping randomly (stuck).
   164 | D:2      | 164 ||| Stepping randomly (stuck).
   165 | D:2      | 165 ||| Stepping randomly (stuck).
   166 | D:2      | 166 ||| Stepping randomly (stuck).
   167 | D:2      | 167 ||| Stepping randomly (stuck).
   168 | D:2      | 168 ||| Stepping randomly (stuck).
   169 | D:2      | 169 ||| Stepping randomly (stuck).
   170 | D:2      | 170 ||| Stepping randomly (stuck).
   171 | D:2      | 171 ||| Stepping randomly (stuck).
   172 | D:2      | 172 ||| Stepping randomly (stuck).
   173 | D:2      | 173 ||| Stepping randomly (stuck).
   174 | D:2      | 174 ||| Stepping randomly (stuck).
   175 | D:2      | 175 ||| Stepping randomly (stuck).
   176 | D:2      | 176 ||| Stepping randomly (stuck).
   177 | D:2      | 177 ||| Stepping randomly (stuck).
   178 | D:2      | 178 ||| Stepping randomly (stuck).
   179 | D:2      | 179 ||| Stepping randomly (stuck).
   180 | D:2      | 180 ||| Stepping randomly (stuck).
   181 | D:2      | 181 ||| Stepping randomly (stuck).
   182 | D:2      | 182 ||| Stepping randomly (stuck).
   183 | D:2      | 183 ||| Stepping randomly (stuck).
   184 | D:2      | 184 ||| Stepping randomly (stuck).
   185 | D:2      | 185 ||| Stepping randomly (stuck).
   186 | D:2      | 186 ||| Stepping randomly (stuck).
   187 | D:2      | 187 ||| Stepping randomly (stuck).
   188 | D:2      | 188 ||| Stepping randomly (stuck).
   189 | D:2      | 189 ||| Stepping randomly (stuck).
   190 | D:2      | 190 ||| Stepping randomly (stuck).
   191 | D:2      | 191 ||| Stepping randomly (stuck).
   192 | D:2      | 192 ||| Stepping randomly (stuck).
   193 | D:2      | 193 ||| Stepping randomly (stuck).
   194 | D:2      | 194 ||| Stepping randomly (stuck).
   195 | D:2      | 195 ||| Stepping randomly (stuck).
   196 | D:2      | 196 ||| Stepping randomly (stuck).
   197 | D:2      | 197 ||| Stepping randomly (stuck).
   198 | D:2      | 198 ||| Stepping randomly (stuck).
   199 | D:2      | 199 ||| Stepping randomly (stuck).
   200 | D:2      | 200 ||| Stepping randomly (stuck).
   201 | D:2      | 201 ||| Stepping randomly (stuck).
   202 | D:2      | 202 ||| Stepping randomly (stuck).
   203 | D:2      | 203 ||| Stepping randomly (stuck).
   204 | D:2      | 204 ||| Stepping randomly (stuck).
   205 | D:2      | 205 ||| Stepping randomly (stuck).
   206 | D:2      | 206 ||| Stepping randomly (stuck).
   207 | D:2      | 207 ||| Stepping randomly (stuck).
   216 | D:3      | Reached skill level 2 in Axes
   335 | D:2      | Reached XP level 2. HP: 19/19 MP: 2/2
   352 | D:2      | Noticed a black bear
   355 | D:2      | 355 ||| Stepping ~*~*~tactically~*~*~ (stealth).
   363 | D:2      | Killed a black bear
   364 | D:2      | Reached skill level 4 in Axes
   364 | D:2      | Reached XP level 3. HP: 7/23 MP: 3/3
   364 | D:2      | Reached XP level 4. HP: 9/28 MP: 4/4
   460 | D:2      | 460 ||| Stepping ~*~*~tactically~*~*~ (hiding).
   621 | D:2      | 621 ||| DRINKING 2 golden potions.
   875 | D:1      | 875 ||| Stepping ~*~*~tactically~*~*~ (hiding).
   902 | D:1      | 902 ||| Stepping ~*~*~tactically~*~*~ (stealth).
   905 | D:1      | 905 ||| Stepping ~*~*~tactically~*~*~ (stealth).
   906 | D:1      | 906 ||| Stepping ~*~*~tactically~*~*~ (stealth).
   907 | D:1      | 907 ||| Stepping ~*~*~tactically~*~*~ (stealth).
  1130 | D:1      | 1130 ||| DROPPING +0 club.
  1205 | D:1      | 1205 ||| UPGRADING to +0 helmet.
  1210 | D:1      | 1210 ||| READING scroll labelled DAUJAE OHEL.
  1276 | D:2      | Reached XP level 5. HP: 32/32 MP: 5/5
  1938 | D:2      | 1938 ||| READING scroll labelled ANLETE XOSCHA.
  1939 | D:2      | 1939 ||| READING scroll labelled XYIVOLUORERGH.
  1940 | D:2      | 1940 ||| READING 2 scrolls labelled FINOBRASA.
  1941 | D:2      | 1941 ||| READING scroll labelled BUXKYATHRAI.
  1942 | D:2      | 1942 ||| READING scroll labelled EBOEPAANOTS.
  1943 | D:2      | 1943 ||| READING scroll labelled REURCH JEXOI.
  2058 | D:3      | Found a hide-covered altar of Uskayaw.
  2110 | D:3      | Found a white marble altar of Elyvilon.
  2112 | D:3      | Found a glowing silver altar of Zin.
  2112 | D:3      | Found a shadowy altar of Dithmenos.
  2237 | D:3      | Reached skill level 5 in Axes
  2328 | D:3      | 2328 ||| DROPPING +0 mace.
  2558 | D:3      | 2558 ||| Stepping ~*~*~tactically~*~*~ (stealth).
  2561 | D:3      | 2561 ||| READING scroll labelled ATAKEF COOTT.
  2696 | D:3      | Identified the +3 spear "Xog Didy" {heavy, Will+ Int+5}
  2761 | D:3      | 2761 ||| READING scroll labelled LOOVUR XICO.
  2762 | D:3      | 2762 ||| READING scroll labelled RYIXINO NEONI.
  2763 | D:3      | 2763 ||| DRINKING 3 blue potions.
  2764 | D:3      | 2764 ||| READING 2 scrolls of identify.
  2764 | D:3      | 2764 ||| IDENTIFYING glowing green potion
  2803 | D:4      | 2803 ||| DROPPING +0 flail.
  2876 | D:4      | Reached XP level 6. HP: 38/38 MP: 6/6
  2891 | D:4      | Found a staircase to the Ecumenical Temple.
  2892 | D:4      | 2892 ||| PLANNING TEMPLE
  2892 | D:4      | 2892 ||| READING 2 scrolls of identify.
  2892 | D:4      | 2892 ||| IDENTIFYING viscous emerald potion
  2893 | D:4      | 2893 ||| DROPPING potion of degeneration.
  2902 | Temple   | Entered the Ecumenical Temple
  2926 | Temple   | 2926 ||| PLANNING OKAWARU WORSHIP
  3064 | Temple   | Became a worshipper of Warmaster Okawaru
  3065 | Temple   | 3065 ||| PLANNING D:1-11
  3097 | D:4      | Found a blossoming altar of Fedhas.
  3102 | D:4      | Reached skill level 1 in Dodging
  3104 | D:4      | Found a broken altar of Ashenzari.
  3118 | D:4      | Noticed Sigmund
  3119 | D:4      | 3119 ||| Stepping ~*~*~tactically~*~*~ (hiding).
  3120 | D:4      | 3120 ||| Stepping ~*~*~tactically~*~*~ (hiding).
  3121 | D:4      | 3121 ||| Stepping ~*~*~tactically~*~*~ (hiding).
  3122 | D:4      | 3122 ||| STAIRDANCE
  3142 | D:4      | 3142 ||| STAIRDANCE
  3144 | D:3      | 3144 ||| DRINKING potion of curing.
  3144 | D:3      | 3144 ||| (to cure confusion)
  3150 | D:4      | Killed Sigmund
  3162 | D:4      | Found a sacrificial altar of Ru.
  3163 | D:4      | 3163 ||| Stepping ~*~*~tactically~*~*~ (stealth).
  3173 | D:4      | Reached skill level 6 in Axes
  3206 | D:4      | Reached * piety under Okawaru
  3207 | D:4      | Reached XP level 7. HP: 43/43 MP: 7/7
  3261 | D:4      | Reached skill level 1 in Invocations
  3374 | D:4      | 3374 ||| READING scroll of enchant armour.
  3374 | D:4      | 3374 ||| ENCHANTING +0 helmet.
  3461 | D:4      | 3461 ||| Stepping ~*~*~tactically~*~*~ (stealth).
  3560 | D:4      | Found a snail-covered altar of Cheibriados.
  3596 | D:4      | 3596 ||| Stepping ~*~*~tactically~*~*~ (hiding).
  3630 | D:4      | 3630 ||| INVOKING Heroism.
  3835 | D:4      | 3835 ||| READING scroll labelled ZEGHESMYSUA.
  3836 | D:4      | 3836 ||| READING 2 scrolls of identify.
  3836 | D:4      | 3836 ||| IDENTIFYING bubbling white potion
  3864 | D:5      | Entered Level 5 of the Dungeon
  3890 | D:5      | 3890 ||| INVOKING Heroism.
  3987 | D:5      | Reached skill level 7 in Axes
  3987 | D:5      | Reached skill level 3 in Invocations
  4013 | D:5      | 4013 ||| INVOKING Heroism.
  4108 | D:5      | Reached XP level 8. HP: 48/48 MP: 10/10
  4259 | D:5      | 4259 ||| INVOKING Heroism.
  4333 | D:5      | 4333 ||| INVOKING Heroism.
  4345 | D:5      | Reached skill level 1 in Throwing
  4721 | D:6      | 4721 ||| STAIRDANCE
  4723 | D:5      | 4723 ||| INVOKING Heroism.
  4889 | D:6      | Reached skill level 8 in Axes
  4919 | D:6      | 4919 ||| INVOKING Heroism.
  4976 | D:6      | 4976 ||| Stepping ~*~*~tactically~*~*~ (cloud).
  4977 | D:6      | 4977 ||| Stepping ~*~*~tactically~*~*~ (cloud).
  4984 | D:6      | HP: 7/50 [steam dragon] (7)]
  4985 | D:6      | 4985 ||| READING 3 scrolls of teleportation.
  4985 | D:6      | HP: 3/50 [steam dragon (5)]
  4986 | D:6      | Slain by a steam dragon

Levels and vault maps discovered:
D:1:      dpeg_arrival_water_temple_mockup, layout_basic
D:2:      layout_loops_corners
D:3:      layout_loops_cross, chequers_temple_overflow_statue_of_worship,
          pf_just_have_faith, kennysheep_minor_cross,
          chequers_serial_rivers_small_b, amcnicky_mini_rare_corridor_liquid
D:4:      layout_gridville, nicolae_ru_great_annihilating_truth,
          grunt_temple_overflow_open, minmay_temple_entry_ruins, uniq_sigmund
D:5:      layout_loops_ring
D:6:      layout_basic, kennysheep_another_room, kennysheep_cross_bottleneck,
          pf_guarded_unrand_meek, uniq_eustachio
Temple:   hellmonk_temple_flake

Skill      XL: |  1  2  3  4  5  6  7  8 |
---------------+-------------------------+-----
Axes           | 2 4 5 6 7 8 |  8.1
Fighting       | 4 5 |  5.5
Dodging        | 1 |  1.0
Invocations    | 3 4 |  4.2
Throwing       | 1 |  1.0
Armour         | |  3.2
Shields        | |  3.2

Action                     |  1- 3 |  4- 6 |  7- 9 || total
---------------------------+-------+-------+-------++-------
  Melee: War axe           |    30 |   156 |    83 ||   269
  Throw: Boomerang         |       |    10 |    40 ||    50
 Invoke: Heroism           |       |       |     7 ||     7
    Use: Scroll            |     1 |    12 |     4 ||    17
         Potion            |     1 |     3 |       ||     4
 Armour: Scale mail        |    16 |    67 |    37 ||   120
  Dodge: Dodged            |    12 |    66 |    30 ||   108
  Block: Buckler           |    11 |    26 |    11 ||    48

Table legend:
 A = Non-vault XP
 B = Vault XP
 C = Vault XP percentage of total XP
 D = Non-vault monster count
 E = Vault monster count
 F = Vault count percentage of total count
                 A         B        C        D         E       F
            +---------+---------+-------+---------+---------+-------
      Total |    1833 |     280 |  13.3 |      92 |       5 |   5.2
            +---------+---------+-------+---------+---------+-------
        D:1 |      20 |       0 |   0.0 |      12 |       0 |   0.0
        D:2 |     181 |       0 |   0.0 |      14 |       0 |   0.0
        D:3 |      94 |       0 |   0.0 |      17 |       0 |   0.0
        D:4 |     389 |     280 |  41.9 |      25 |       5 |  16.7
        D:5 |     767 |       0 |   0.0 |      18 |       0 |   0.0
        D:6 |     382 |       0 |   0.0 |       6 |       0 |   0.0
            +---------+---------+-------+---------+---------+-------
